 Dungeon Crawl Stone Soup version 0.26-a0-639-g72c4674329 (webtiles) character file.

Game seed: 8208678431281190958

1019 Apogee the Covert (level 8, 0/37 HPs)
             Began as a Spriggan Enchanter on Sept 25, 2020.
             Killed from afar by a white imp (11 damage)
             ... with a puff of frost
             ... on level 5 of the Dungeon.
             The game lasted 00:07:47 (4362 turns).

Apogee the Covert (Spriggan Enchanter)              Turns: 4362, Time: 00:07:48

Health: 0/37       AC:  2    Str:  4    XL:     8   Next: 2%
Magic:  22/24      EV: 19    Int: 25    God:
Gold:   217        SH:  0    Dex: 16    Spells: 12/15 levels left

rFire    . . .     SeeInvis +   a - +1 dagger
rCold    . . .     Faith    .   (shield restricted)
rNeg     . . .     Spirit   .   r - +0 robe (curse)
rPois    .         Reflect  .   (helmet restricted)
rElec    .         Harm     .   (no cloak)
rCorr    .         Rampage  .   (gloves unavailable)
MR       +....                  (boots unavailable)
Stlth    ++++......             (no amulet)
HPRegen  0.12/turn              i - +6 ring of intelligence
MPRegen  0.19/turn              d - ring of magical power

@: very quick
A: very small, unfitting armour, see invisible, speed 3
a: no special abilities


You were on level 5 of the Dungeon.
You visited 1 branch of the dungeon, and saw 4 of its levels.

You collected 217 gold pieces.

Inventory:

Hand Weapons
 a - a +1 dagger (weapon)
Armour
 b - a +0 robe
 r - a cursed +0 robe (worn)
   (You found it on level 4 of the Dungeon)
Jewellery
 d - a ring of magical power (right hand)
   (You found it on level 1 of the Dungeon)
 i - a +6 ring of intelligence (left hand)
   (You found it on level 1 of the Dungeon)
 n - a cursed -4 ring of dexterity {unknown}
   (You found it on level 2 of the Dungeon)
 z - an uncursed ring of resist corrosion {unknown}
   (You found it on level 5 of the Dungeon)
Wands
 u - a wand of paralysis (3)
   (You found it on level 4 of the Dungeon)
 x - a wand of acid (15)
   (You found it on level 4 of the Dungeon)
Scrolls
 f - 3 scrolls of enchant armour {unknown}
 g - a scroll of random uselessness {unknown}
 q - 2 scrolls of magic mapping {unknown}
 s - 2 scrolls of blinking {unknown}
 t - 3 scrolls of amnesia {unknown}
 w - a scroll of fear {unknown}
 y - 3 scrolls of identify {unknown}
 A - a scroll of immolation {unknown}
Potions
 c - 4 potions of curing {unknown}
 e - a potion of flight {unknown}
 h - a potion of degeneration {unknown}
 j - 2 potions of brilliance {unknown}
 k - a potion of berserk rage {unknown}
 l - a potion of haste {unknown}
 m - a potion of heal wounds {unknown}
 o - 2 potions of might {unknown}
 p - 2 potions of ambrosia {unknown}
 v - 2 potions of cancellation {unknown}
 B - a potion of magic {unknown}
 C - 2 potions of mutation {unknown}


   Skills:
 + Level 0.7 Fighting
 - Level 5.0 Short Blades
 + Level 3.5 Dodging
 - Level 8.0 Stealth
 - Level 4.0 Spellcasting
 - Level 8.0 Hexes
 - Level 1.0 Ice Magic


You had 12 spell levels left.
You knew the following spells:

 Your Spells              Type           Power        Failure   Level
a - Corona                Hex            #####..      1%          1
x - Ensorcelled Hibernat  Hex/Ice        ####..       2%          2

Your spell library contained the following spells:

 Spells                   Type           Power        Failure   Level
 Confusing Touch          Hex            #####...     1%          3
 Tukima's Dance           Hex            #####...     1%          3
 Dazzling Flash           Conj/Hex       ####..       5%          3


Dungeon Overview and Level Annotations

Branches:
Dungeon (5/15)
 Temple: D:4-7

Altars:
Hepliaklqana
Uskayaw
Xom

Annotations:
D:4 1 runed translucent door, Crazy Yiuf


Innate Abilities, Weirdness & Mutations

You are very small and have problems with some larger weapons.
You are too small for most types of armour.
You have supernaturally acute eyesight. (SInv)
You cover ground extremely quickly.


Message History

The white imp hits you. The white imp freezes you.
* * * LOW HITPOINT WARNING * * *
You hit the white imp.
The orc throws a boomerang.
The boomerang misses you.
The weapon returns to the orc!
You hit the white imp but do no damage. The white imp barely misses you.
The orc throws a boomerang.
The boomerang closely misses you.
The weapon returns to the orc!
Okay, then.
The white imp stops glowing.
The orc throws a boomerang.
The boomerang barely misses you.
The weapon returns to the orc!
The orc misses you.
Aim: an orc, wielding a +0 falchion and quivering 3 boomerangs (chance to defeat MR: 73%)
The orc struggles to resist.
The walls and floor vibrate strangely for a moment.
The orc misses you.
The orc throws a boomerang.
The boomerang hits you but does no damage.
The weapon returns to the orc!
The orc throws a boomerang.
The boomerang barely misses you.
The weapon returns to the orc!
The orc shouts!
The white imp gestures at you. The puff of frost misses you.
There is a stone staircase leading up here.
You climb upwards.
Level annotation: 1 runed translucent door, Crazy Yiuf
There is a stone staircase leading down here.
You start resting.
You climb downwards.
There is a stone staircase leading up here.
An orc is nearby!
You see here a flail.
The orc hits you with a +0 dagger.
Aim: an orc, wielding a +0 dagger (chance to defeat MR: 73%)
The orc looks drowsy...
The helpless orc fails to defend itself.
You skewer the orc like a kebab!!!
You kill the orc!
The white imp gestures at you. The puff of frost hits you!
Aim: a white imp (chance to defeat MR: 85%)
The white imp is outlined in light.
You hit the white imp. The white imp gestures at you.
The puff of frost hits you!
* * * LOW HITPOINT WARNING * * *
The white imp gestures at you. The puff of frost hits you!
You die...

######.####...##.###.# #.....
##.......#.....#..<...### ##.....
#.......................###†.###.
##.......#......#.###<.##....####
##.....####....[..#...####...# #
##..#### #.......##...####.## #
##..#.###...#.....)..#..#..#
###...[.##..#<#.............#
###....#.......#@..#.##..#.####
#..##.##.............###..##
#.....###.............##..####
#..##..#...[.....)5.####...#.##
##.#....[..........o####......##
##...................#........#
#....[.......................#
#..........###..............##
###....[...###...............##


You could see a white imp (corona) and an orc.

Vanquished Creatures
  Grinder (D:5)
  Sigmund (D:2)
  Edmund (D:4)
  A scorpion (D:4)
  2 howler monkeys (D:4)
  2 orc priests (D:5)
  A hound (D:4)
  Natasha (thrice) (D:4)
  3 iguanas
  2 orc wizards (D:4)
  2 worker ants (D:4)
  4 adders
  2 ufetubi (D:5)
  2 worms
  A dart slug (D:2)
  A leopard gecko (D:4)
  5 orcs
  3 giant cockroaches
  8 goblins
  6 hobgoblins
  3 jackals (D:4)
  A quokka (D:5)
  3 frilled lizards (D:1)
  4 kobolds
  A quokka zombie (D:5)
  7 rats
70 creatures vanquished.

Notes
Turn   | Place    | Note
-------+----------+-------------------------------------------
     0 | D:1      | Apogee the Spriggan Enchanter began the quest for the Orb.
     0 | D:1      | Reached XP level 1. HP: 9/9 MP: 5/5
   321 | D:1      | Reached XP level 2. HP: 13/13 MP: 6/6
   413 | D:1      | Reached skill level 5 in Stealth
   685 | D:1      | Learned a level 2 spell: Ensorcelled Hibernation
  1211 | D:2      | Reached XP level 3. HP: 14/16 MP: 8/8
  1735 | D:2      | Reached skill level 1 in Ice Magic
  1905 | D:2      | Found a hide-covered altar of Uskayaw.
  2006 | D:2      | Noticed Sigmund
  2014 | D:2      | Killed Sigmund
  2014 | D:2      | Reached XP level 4. HP: 10/21 MP: 9/9
  2014 | D:2      | Reached XP level 5. HP: 12/24 MP: 10/10
  2185 | D:2      | You fall into a shaft and drop 2 floors!
  2207 | D:4      | Reached XP level 6. HP: 28/28 MP: 8/11
  2367 | D:4      | Reached skill level 5 in Short Blades
  2567 | D:4      | Found a runed translucent door.
  2568 | D:4      | Noticed Crazy Yiuf
  2683 | D:4      | Noticed Natasha
  2690 | D:4      | Killed Natasha
  2855 | D:4      | Noticed Edmund
  2865 | D:4      | Killed Edmund
  2865 | D:4      | Reached skill level 5 in Hexes
  2865 | D:4      | Reached XP level 7. HP: 14/32 MP: 14/14
  3228 | D:4      | Noticed Natasha
  3243 | D:4      | Killed Natasha
  3328 | D:5      | Entered Level 5 of the Dungeon
  3612 | D:5      | Found a shimmering altar of Xom.
  3613 | D:5      | Found a hazy altar of Hepliaklqana.
  3613 | D:5      | Noticed an unseen horror
  3614 | D:5      | Noticed a spectral ugly thing
  3653 | D:5      | Noticed Grinder
  3670 | D:5      | Killed Grinder
  3903 | D:4      | Noticed Natasha
  3909 | D:4      | Killed Natasha
  4025 | D:5      | Reached XP level 8. HP: 37/37 MP: 15/15
  4362 | D:5      | Killed from afar by a white imp

Illustrated notes

Levels and vault maps discovered:
D:1:      minmay_arrival_hallway, layout_loops_ring
D:2:      layout_loops_ring, eat_drink_and_be_merry_uskayaw, uniq_sigmund
D:4:      layout_basic, due_unseen_surprise, uniq_crazy_yiuf_cottage,
          uniq_natasha, uniq_edmund
D:5:      layout_cave_pools, regret_index_temple_of_mockery,
          gup_sewer_entry_spiral, st_stairs_14, uniq_grinder

Skill      XL: |  1  2  3  4  5  6  7 |
---------------+----------------------+-----
Stealth        | 5 7 8 |  8.0
Short Blades   | 2 4 5 |  5.0
Ice Magic      | 1 |  1.0
Spellcasting   | 4 |  4.0
Hexes          | 5 8 |  8.0
Fighting       | |  0.7
Dodging        | |  3.5

Action                   |  1- 3 |  4- 6 |  7- 9 || total
-------------------------+-------+-------+-------++-------
Melee: Dagger            |   160 |    40 |    54 ||   254
 Cast: Corona            |    16 |     1 |     9 ||    26
       Ensorcelled Hiber |     2 |    16 |    14 ||    32
 Stab: Sleeping          |     7 |    15 |    14 ||    36
       Distracted        |     1 |       |       ||     1
Armor: Robe              |     5 |     2 |     3 ||    10
Dodge: Dodged            |   106 |    17 |    72 ||   195

Table legend: (Time is in decaauts)
 A = Elapsed time spent in this place.
 B = Non-inter-level travel time spent in this place.
 C = Inter-level travel time spent in this place.
 D = Time resting spent in this place.
 E = Time spent auto-exploring this place.
 F = Levels seen in this place.
 G = Mean time per level.
                   A        B        C        D        E       F      G
               +--------+--------+--------+--------+--------+-----+--------+
         Total |   3507 |   3465 |     42 |   1036 |   1823 |   4 |  876.8 |
       Dungeon |   3507 |   3465 |     42 |   1036 |   1823 |   4 |  876.8 |
               +--------+--------+--------+--------+--------+-----+--------+

Top non-repeatable levels by time:
     D:4: 1236 daAuts
     D:2: 982 daAuts
     D:1: 792 daAuts
     D:5: 496 daAuts
